 Dungeon Crawl Stone Soup version 0.29.1-13-g9f3cf754e1 (webtiles) character file.

Game seed: 15771622571343086626

37148 javelincjr the Thaumaturge (level 13, 0/92 HPs)
             Began as a Pale Draconian Earth Elementalist on Jan 25, 2023.
             Was a High Priest of Sif Muna.
             Slain by a minotaur
             ... wielding the +7 lajatang of Order {silver, rMut}
              (2 damage)
             ... in a Gauntlet.
             The game lasted 02:45:13 (19625 turns).

javelincjr the Thaumaturge (DrEE)                  Turns: 19625, Time: 02:45:14

Health: 0/92       AC: 16    Str: 11    XL:     13   Next: 56%
Magic:  10/30      EV: 13    Int: 31    God:    Sif Muna [*****.]
Gold:   2217       SH:  5    Dex: 11    Spells: 2/38 levels left

rFire   . . .      SeeInvis .   y - staff of conjuration
rCold   . . .      Faith    +   t - +2 buckler
rNeg    + . .      Spirit   .   (body armour unavailable)
rPois   +          Reflect  .   v - +2 hat
rElec   .          Harm     .   L - +1 cloak
rCorr   .          Rampage  .   u - +2 pair of gloves
Will    +....      NoTele   +   S - +0 pair of boots "Asasot" {rN+ Int+4 Slay+2}
Stlth   +++.......              g - amulet of faith
HPRegen 0.25/turn               r - +6 ring of intelligence
MPRegen 0.22/turn               F - ring of willpower

@: short of breath, on blink cooldown, invisible
A: breathe steam, AC +8, unfitting armour, cold-blooded, steam resistance, horns
1, stinger 1, poison resistance, screaming 1
a: Breathe Steam, Renounce Religion, Channel Magic, Forget Spell, Divine
Exegesis


You were in a Gauntlet.
You worshipped Sif Muna.
Sif Muna was extremely pleased with you.
You visited 2 branches of the dungeon, and saw 15 of its levels.
You also visited: Ossuary, Bailey and Gauntlet.

You collected 2217 gold pieces.

Inventory:

Hand Weapons
 H - a +3 dagger of holy wrath
 J - a +5 morningstar
 Y - a +4 short sword of freezing
Missiles
 M - 6 silver boomerangs
Armour
 t - a +2 buckler (worn)
 u - a +2 pair of gloves (worn)
 v - a +2 hat (worn)
 L - a +1 cloak (worn)
 S - the +0 pair of boots "Asasot" (worn) {rN+ Int+4 Slay+2}
   (You acquired it on level 10 of the Dungeon)

   Int:       It affects your intelligence (+4).
   Slay:      It affects your accuracy & damage with ranged weapons and melee
   (+2).
   rN:        It protects you from negative energy.
Magical Staves
 y - a staff of conjuration (weapon)
Jewellery
 g - an amulet of faith (around neck)
 r - a +6 ring of intelligence (left hand)
 B - a ring of positive energy
 C - a +4 ring of protection
 F - a ring of willpower (right hand)
 G - an amulet of regeneration
 I - a ring of resist corrosion
 K - an amulet of the acrobat
 N - the ring "Yveexor" {rN+ rCorr Slay+3}
   (You found it in a Gauntlet)

   [ring of resist corrosion]

   Slay:      It affects your accuracy & damage with ranged weapons and melee
   (+3).
   rN:        It protects you from negative energy.
   rCorr:     It protects you from acid and corrosion.
 X - an amulet of reflection
Wands
 h - a wand of flame (8)
 i - a wand of iceblast (5)
 w - a wand of mindburst (10)
Scrolls
 d - a scroll of silence
 e - a scroll of blinking
 f - 6 scrolls of poison
 k - 3 scrolls of immolation
 n - 3 scrolls of teleportation
 o - 7 scrolls of fear
 p - a scroll of enchant weapon
 q - 3 scrolls of butterflies
 s - 2 scrolls of amnesia
 A - a scroll of identify
 D - a scroll of magic mapping
 R - 2 scrolls of summoning
Potions
 a - 3 potions of magic
 b - 2 potions of brilliance
 c - 9 potions of curing
 j - 7 potions of haste
 l - 2 potions of resistance
 m - 6 potions of flight
 z - 5 potions of heal wounds
 E - 2 potions of attraction
 O - 2 potions of might
 P - 3 potions of cancellation
 W - a potion of ambrosia


   Skills:
 + Level 2.2 Fighting
 + Level 0.3 Long Blades
 + Level 1.2 Staves
 + Level 5.1 Dodging
 + Level 5.4 Stealth
 + Level 1.0 Shields
 + Level 13.3 Spellcasting
 + Level 10.1 Conjurations
 + Level 1.9 Hexes
 + Level 0.5 Summonings
 + Level 2.1 Necromancy
 + Level 0.1 Translocations
 + Level 3.0 Transmutations
 + Level 0.1 Fire Magic
 + Level 2.5 Ice Magic
 + Level 5.5 Air Magic
 + Level 12.1 Earth Magic


You had 2 spell levels left.
You knew the following spells:

 Your Spells              Type           Power      Damage    Failure   Level
a - Sandblast             Erth           100%       2d20      1%          1
b - Passwall              Tmut/Erth      50%        N/A       1%          2
c - Stone Arrow           Conj/Erth      100%       3d13      1%          3
d - Ensorcelled Hibernat  Hex/Ice        68%        N/A       1%          2
e - Petrify               Tmut/Erth      61%        N/A       1%          4
f - Magic Dart            Conj           100%       1d8       1%          1
g - Conjure Flame         Conj/Fire      68%        6-21      1%          3
h - Lightning Bolt        Conj/Air       40%        1d59      3%          5
i - Call Canine Familiar  Summ           24%        N/A       8%          3
j - Blink                 Tloc           42%        N/A       4%          2
k - Borgnjor's Vile Clut  Necr/Erth      30%        N/A       4%          5
l - Lee's Rapid Deconstr  Erth           38%        3d20*     1%          5

Your spell library contained the following spells:

 Spells                   Type           Power      Damage    Failure   Level
 Beastly Appendage        Tmut           78%        N/A       1%          1
 Static Discharge         Conj/Air       81%        3-14/arc  1%          2
 Wereblood                Tmut           39%        N/A       1%          2
 Swiftness                Air            53%        N/A       1%          3
 Leda's Liquefaction      Hex/Erth       29%        N/A       1%          4
 Hailstorm                Conj/Ice       74%        3d15      2%          4
 Spider Form              Tmut/Pois      30%        N/A       4%          3
 Inner Flame              Hex/Fire       27%        N/A       6%          3
 Portal Projectile        Hex/Tloc       54%        N/A       6%          3
 Lesser Beckoning         Tloc           21%        N/A       9%          3
 Ice Form                 Ice/Tmut       37%        N/A       10%         4
 Anguish                  Hex/Necr       16%        N/A       14%         4
 Cause Fear               Hex            16%        N/A       14%         4
 Conjure Ball Lightning   Conj/Air       40%        3x3d13    19%         6
 Statue Form              Tmut/Erth      40%        N/A       22%         6
 Manifold Assault         Tloc           21%        N/A       63%         5
 Simulacrum               Ice/Necr       17%        N/A       88%         6
 Lehudib's Crystal Spear  Conj/Erth      47%        10d11     91%         8
 Discord                  Hex            16%        N/A       100%        8
 Maxwell's Capacitive Co  Air            26%        ∞         100%        8
 Shatter                  Erth           38%        3d30*     100%        9


Dungeon Overview and Level Annotations

Branches:
Dungeon (14/15)            Temple (1/1) D:7            Lair (0/5) D:11
    Orc (0/2) D:9          Vaults (0/5) D:13        Ossuary (visited)
 Bailey (visited)         Gauntlet (1/1)

Altars:
Ashenzari
Cheibriados
Dithmenos
Elyvilon
Fedhas
Gozag
Hepliaklqana
Kikubaaqudgha
Makhleb
Nemelex Xobeh
Okawaru
Qazlal
Ru
Sif Muna
Trog
Uskayaw
Vehumet
Wu Jian
Xom
Yredelemnul
Zin
The Shining One

Shops:
D:3 [

Annotations:
D:12 2 transporters Gauntlet 8 transporters, 2 runed translucent doors


Innate Abilities, Weirdness & Mutations

You can breathe blasts of scalding, opaque steam.
Your pale cyan-grey scales are hard. (AC +8)
You cannot fit into any form of body armour.
You are cold-blooded and may be slowed by cold attacks.
You are immune to the effects of steam.
You have a pair of small horns on your head.
Your tail ends in a venomous barb.
Your system is resistant to poisons. (rPois)
You occasionally shout uncontrollably at your foes.


Message History

Casting: Lee's Rapid Deconstruction (mildly dangerous; 1% risk of failure)
Confirm with . or Enter, or press ? or * to list all spells.
Aiming: Lee's Rapid Deconstruction (mildly dangerous; 1% risk of failure)
Press: ? - help, Dir - move target, f/p - minotaur Fragment what (e.g. wall or brittle monster)?: a minotaur, wielding the +7 lajatang of Order {silver, rMut}, wearing a +0 chain mail, wearing the ring "Mukyumny" {*Corrode Fly rElec Int+6} and quivering silver javelins (moderately wounded, petrified)
An open door.
The minotaur shatters!
The minotaur is moderately wounded.
Casting: Lee's Rapid Deconstruction (mildly dangerous; 1% risk of failure)
Confirm with . or Enter, or press ? or * to list all spells.
Aiming: Lee's Rapid Deconstruction (mildly dangerous; 1% risk of failure)
Press: ? - help, Dir - move target, f/p - minotaur Fragment what (e.g. wall or brittle monster)?: a minotaur, wielding the +7 lajatang of Order {silver, rMut}, wearing a +0 chain mail, wearing the ring "Mukyumny" {*Corrode Fly rElec Int+6} and quivering silver javelins (moderately wounded, petrified)
An open door.
The minotaur shatters!!
The minotaur is heavily wounded.
Aiming: Breathe Steam (1% risk of failure)
Press: ? - help, Shift-Dir - straight line, f/p - minotaur
Aim: a minotaur, wielding the +7 lajatang of Order {silver, rMut}, wearing a +0 chain mail, wearing the ring "Mukyumny" {*Corrode Fly rElec Int+6} and quivering silver javelins (heavily wounded, petrified, 100% to hit)
You exhale a blast of scalding steam.
Your magical contamination has completely faded away.
You have got your breath back.
Aiming: Breathe Steam (1% risk of failure)
Press: ? - help, Shift-Dir - straight line, f/p - minotaur
Aim: a minotaur, wielding the +7 lajatang of Order {silver, rMut}, wearing a +0 chain mail, wearing the ring "Mukyumny" {*Corrode Fly rElec Int+6} and quivering silver javelins (heavily wounded, 84% to hit)
You exhale a blast of scalding steam.
The ball of steam hits the minotaur.
The minotaur is heavily wounded.
Casting: Lee's Rapid Deconstruction (mildly dangerous; 1% risk of failure)
Confirm with . or Enter, or press ? or * to list all spells.
You blink.
The minotaur hits you with the +7 lajatang of Order {silver, rMut}!!
* * * LOW HITPOINT WARNING * * *
The silver sears you!
* * * LOW HITPOINT WARNING * * *
The minotaur gores you but does no damage.
Okay, then.
You fade into invisibility!
The minotaur hits you with the +7 lajatang of Order {silver, rMut}!
* * * LOW HITPOINT WARNING * * *
You die...

.#.#.#.#.#.#.#####.#.##.^##..#..≈
.##.#©#)##.#.[(©YYY#.#w[:©##.#..#
.#########.#########.#########..≈
................................#
...§§§.......8.∩.8.......§§.....≈
≈#≈#§#≈#≈#############≈#≈#§#§#≈##
###########.........############
##...©.§§§...## #....§§.@H§...#
###.###§###.### ###.###.###.###
#.............# #.###.###§###.#
#.......§§....# #######H#######
#. ∩§


You could see a dire elephant (unable to see you), a minotaur (unable to see
you), 2 elephants and a tyrant leech (unable to see you).

Vanquished Creatures
  Kirke (D:12)
  An orc warlord (Bailey)
  A quicksilver ooze (Gauntlet)
  Harold (D:11)
  A hydra (D:9)
  A boulder beetle (D:14)
  A catoblepas (Gauntlet)
  2 dancing weapons (D:13)
  6 two-headed ogres
  The ghost of Vulpanium the Cutter, a novice DrMo of Trog (D:8)
  3 tengu warriors
  The ghost of hawla the Arsonist, a novice MeFE of Vehumet (D:8)
  4 skeletal warriors
  An orc knight (Bailey)
  7 ugly things
  A deep elf pyromancer (D:14)
  5 slime creatures (D:12)
  6 cyclopes
  2 centaur zombies (D:10)
  A molten gargoyle (Gauntlet)
  2 gargoyles (Gauntlet)
  A centaur skeleton (D:10)
  An unseen horror (D:13)
  A kobold demonologist (D:14)
  An unseen horror zombie (D:10)
  3 trolls
  Sigmund (D:5)
  A shadow (D:11)
  24 yaks
  4 water elementals
  13 vampire mosquitoes
  2 swamp worms (Gauntlet)
  7 acid dragons
  A water moccasin (D:7)
  13 orc warriors
  2 sky beasts
  4 black bears
  An ogre (D:4)
  2 centaurs
  A phantom (D:5)
  3 kobold brigands
  Blork the orc (D:6)
  5 bullfrogs
  2 necrophages
  A gnoll sergeant (D:7)
  4 scorpions
  3 water moccasin zombies (Ossuary)
  10 wights
  5 killer bees (D:9)
  5 howler monkeys
  7 orc priests
  Crazy Yiuf (D:5)
  3 hounds
  A jelly (D:7)
  5 iguanas
  14 orc wizards
  2 mummies (Ossuary)
  A spectral howler monkey (D:10)
  11 gnolls
  11 adders
  A shadow imp (D:7)
  A white imp (D:8)
  7 adder zombies (Ossuary)
  3 worms (D:2)
  3 dart slugs
  60 orcs
  2 ball pythons
  8 endoplasms
  6 giant cockroaches
  A gnoll zombie (Ossuary)
  21 hobgoblins
  2 quokkas
  6 bats
  A frilled lizard (D:1)
  22 goblins
  3 hobgoblin zombies (Ossuary)
  18 kobolds
  7 kobold zombies (Ossuary)
  3 orc zombies (Ossuary)
  9 rats
  A spectral kobold (D:4)
412 creatures vanquished.

Vanquished Creatures (others)
  A bullfrog (D:9)
  7 fungi
  9 plants (D:11)
  6 withered plants (D:8)
23 creatures vanquished.

Grand Total: 435 creatures vanquished

Notes
Turn   | Place    | Note
-------+----------+-------------------------------------------
     0 | D:1      | javelincjr the Draconian Earth Elementalist began the quest
                  | for the Orb.
     0 | D:1      | Reached XP level 1. HP: 14/14 MP: 3/3
   451 | D:1      | Found a faded altar of an unknown god.
   518 | D:1      | Reached XP level 2. HP: 20/20 MP: 3/5
  1657 | D:2      | Reached XP level 3. HP: 25/26 MP: 1/6
  1836 | D:2      | Learned a level 2 spell: Passwall
  1890 | D:2      | Learned a level 3 spell: Stone Arrow
  2079 | D:2      | Reached XP level 4. HP: 33/33 MP: 6/8
  2266 | D:2      | Reached skill level 3 in Spellcasting
  2664 | D:3      | Found Vinteje's Antique Armour Shoppe.
  2895 | D:3      | Found a glowing golden altar of the Shining One.
  3186 | D:4      | Found a sand-covered staircase.
  3192 | Ossuary  | Entered an ossuary
  3262 | Ossuary  | Reached XP level 5. HP: 37/38 MP: 4/10
  3471 | Ossuary  | Reached skill level 4 in Spellcasting
  3472 | Ossuary  | Reached XP level 6. HP: 40/45 MP: 3/12
  3488 | Ossuary  | Reached skill level 5 in Earth Magic
  4200 | D:4      | Reached skill level 5 in Spellcasting
  4200 | D:4      | Your scales start taking on a pale cyan-grey colour.
  4200 | D:4      | Reached XP level 7. HP: 44/50 MP: 9/14
  4200 | D:4      | Gained mutation: You are immune to the effects of steam.
                  | [Pale Draconian growth]
  4237 | D:4      | Paralysed by an orc for 4 turns
  4245 | D:4      | Paralysed by an orc for 3 turns
  4303 | D:4      | Identified the +1 leather armour "Uworaeddac" {rC+}
  4601 | D:4      | Found a hazy altar of Hepliaklqana.
  4652 | D:5      | Entered Level 5 of the Dungeon
  4722 | D:5      | Learned a level 2 spell: Ensorcelled Hibernation
  4727 | D:5      | Learned a level 4 spell: Petrify
  5055 | D:5      | Found a sacrificial altar of Ru.
  5156 | D:5      | Reached skill level 6 in Spellcasting
  5209 | D:5      | Noticed Sigmund
  5212 | D:5      | Killed Sigmund
  5213 | D:5      | Reached XP level 8. HP: 58/58 MP: 17/17
  5768 | D:5      | Reached skill level 1 in Conjurations
  5983 | D:5      | Found a runed translucent door.
  5984 | D:5      | Noticed Crazy Yiuf
  5989 | D:5      | Killed Crazy Yiuf
  5999 | D:5      | Identified a scroll of acquirement
  5999 | D:5      | Acquired 1054 gold pieces
  6201 | D:6      | Reached skill level 7 in Spellcasting
  6231 | D:6      | Reached skill level 1 in Ice Magic
  6232 | D:6      | Noticed Blork the orc
  6305 | D:5      | Gained mutation: Your magical capacity is low. (-10% MP)
                  | [potion of mutation]
  6305 | D:5      | Gained mutation: You have sharp toenails. [potion of
                  | mutation]
  6305 | D:5      | Gained mutation: Your tail ends in a venomous barb. [potion
                  | of mutation]
  6306 | D:5      | Lost mutation: Your magical capacity is low. (-10% MP)
                  | [potion of mutation]
  6306 | D:5      | Lost mutation: You have sharp toenails. [potion of
                  | mutation]
  6306 | D:5      | Gained mutation: You occasionally shout uncontrollably at
                  | your foes. [potion of mutation]
  6306 | D:5      | Gained mutation: Your system is resistant to poisons.
                  | (rPois) [potion of mutation]
  6306 | D:5      | Gained mutation: You have a pair of small horns on your
                  | head. [potion of mutation]
  6631 | D:6      | Killed Blork the orc
  6633 | D:6      | Reached XP level 9. HP: 52/63 MP: 2/20
  7513 | D:6      | Found a radiant altar of Vehumet.
  7600 | D:7      | Reached skill level 1 in Hexes
  7830 | D:7      | Found a staircase to the Ecumenical Temple.
  7849 | D:7      | Got the Lessons on Confrontation
  7861 | Temple   | Entered the Ecumenical Temple
  7892 | Temple   | Became a worshipper of Sif Muna the Loreminder
  8067 | D:7      | Reached skill level 8 in Spellcasting
  8600 | D:8      | Noticed a two-headed ogre
  8613 | D:8      | Killed a two-headed ogre
  8702 | D:8      | Reached XP level 10. HP: 70/70 MP: 18/22
  8788 | D:8      | Reached skill level 5 in Conjurations
  8930 | D:8      | Found a runed translucent gate.
  8930 | D:8      | Found a runed translucent gate.
  8930 | D:8      | Found a runed translucent gate.
  8934 | D:8      | Noticed hawla's ghost (novice MeFE)
  8934 | D:8      | Noticed Vulpanium's ghost (novice DrMo)
  9326 | D:8      | Learned a level 1 spell: Magic Dart
  9330 | D:8      | Learned a level 3 spell: Conjure Flame
  9344 | D:8      | Killed Vulpanium's ghost
  9345 | D:8      | Reached skill level 9 in Spellcasting
  9347 | D:8      | Killed hawla's ghost
  9546 | D:9      | Noticed a two-headed ogre
  9561 | D:9      | Killed a two-headed ogre
  9561 | D:9      | Reached * piety under Sif Muna
  9562 | D:9      | Reached skill level 1 in Fighting
  9604 | D:9      | Found a flagged portal.
  9719 | Bailey   | Entered a bailey
  9925 | Bailey   | Noticed an orc knight
 10043 | Bailey   | Killed an orc knight
 10043 | Bailey   | Reached ** piety under Sif Muna
 10165 | Bailey   | Noticed an orc warlord
 10265 | Bailey   | Reached skill level 10 in Earth Magic
 10445 | Bailey   | Killed an orc warlord
 10446 | Bailey   | Reached skill level 10 in Spellcasting
 10446 | Bailey   | Reached XP level 11. HP: 14/77 MP: 6/25
 11253 | D:9      | Found a staircase to the Orcish Mines.
 11298 | D:9      | Noticed a seven-headed hydra
 11310 | D:9      | Killed a seven-headed hydra
 11546 | D:9      | Reached *** piety under Sif Muna
 11933 | D:10     | Entered Level 10 of the Dungeon
 11959 | D:10     | Noticed a two-headed ogre
 11970 | D:10     | Killed a two-headed ogre
 12080 | D:10     | Found an iron altar of Okawaru.
 12080 | D:10     | Found an ancient bone altar of Kikubaaqudgha.
 12118 | D:10     | Found an ornate altar of the Wu Jian Council.
 12135 | D:10     | Acquired the +0 pair of boots "Asasot" {rN+ Int+4 Slay+2}
 12215 | D:10     | Reached skill level 1 in Staves
 12724 | D:10     | Reached skill level 11 in Spellcasting
 12911 | D:11     | Reached skill level 5 in Stealth
 13129 | D:11     | Noticed a two-headed ogre
 13141 | D:11     | Killed a two-headed ogre
 13141 | D:11     | Reached **** piety under Sif Muna
 13429 | D:11     | Reached XP level 12. HP: 81/84 MP: 23/27
 13476 | D:11     | Found a staircase to the Lair.
 13614 | D:11     | Learned a level 5 spell: Lightning Bolt
 13618 | D:11     | Learned a level 3 spell: Call Canine Familiar
 13625 | D:11     | Noticed Harold
 13637 | D:11     | Killed Harold
 14053 | D:11     | Noticed a two-headed ogre
 14077 | D:11     | Killed a two-headed ogre
 14809 | D:12     | Reached skill level 1 in Air Magic
 14990 | D:12     | Found a transporter.
 15338 | D:12     | Learned a level 2 spell: Blink
 15342 | D:12     | Reached skill level 12 in Spellcasting
 15428 | D:12     | Noticed Kirke
 15433 | D:12     | Killed Kirke
 15536 | D:12     | Noticed an orc high priest
 15538 | D:12     | Found a transporter.
 15967 | D:13     | Noticed a tengu warrior
 15969 | D:13     | Noticed a tengu warrior
 15973 | D:13     | Killed a tengu warrior
 15987 | D:12     | Killed a tengu warrior
 15987 | D:12     | Reached ***** piety under Sif Muna
 16686 | D:13     | Reached XP level 13. HP: 91/91 MP: 18/29
 16689 | D:13     | Reached skill level 1 in Shields
 16817 | D:13     | Received a gift from Sif Muna
 16818 | D:13     | Reached skill level 5 in Dodging
 16824 | D:13     | Got Juxka's Verses on the Lofty Lithosphere {god gift}
 16886 | D:13     | Learned a level 5 spell: Borgnjor's Vile Clutch
 17967 | D:13     | Reached skill level 1 in Necromancy
 17967 | D:13     | Reached skill level 5 in Air Magic
 18017 | D:13     | Found a gate to the Vaults.
 18502 | D:14     | Reached skill level 13 in Spellcasting
 18762 | D:14     | Reached skill level 10 in Conjurations
 18842 | D:14     | Found a gate leading to a gauntlet.
 18851 | Gauntlet | Entered a Gauntlet
 18851 | Gauntlet | Found a transporter.
 18851 | Gauntlet | Found a transporter.
 18868 | Gauntlet | Found a transporter.
 18883 | Gauntlet | Noticed a quicksilver ooze
 18884 | Gauntlet | Found a transporter.
 18886 | Gauntlet | Found a transporter.
 18887 | Gauntlet | Found a transporter.
 18887 | Gauntlet | Found a transporter.
 18900 | Gauntlet | Found a transporter.
 18916 | Gauntlet | Found a transporter.
 18916 | Gauntlet | Noticed a dire elephant
 18931 | Gauntlet | Found a transporter.
 18948 | Gauntlet | Found a transporter.
 18970 | Gauntlet | Found a transporter.
 18970 | Gauntlet | Found a transporter.
 18972 | Gauntlet | Found a runed translucent door.
 18979 | Gauntlet | Found a runed translucent door.
 18983 | Gauntlet | Found a transporter.
 19075 | Gauntlet | Killed a quicksilver ooze
 19178 | Gauntlet | Learned a level 5 spell: Lee's Rapid Deconstruction
 19196 | Gauntlet | Identified the ring "Yveexor" {rN+ rCorr Slay+3}
 19488 | Gauntlet | Identified the ring "Mukyumny" {*Corrode Fly rElec Int+6}
 19488 | Gauntlet | Noticed a minotaur
 19625 | Gauntlet | HP: 2/92 [minotaur/the +7 lajatang of Order {silver, rMut}
                  | (12)]
 19625 | Gauntlet | Slain by a minotaur

Illustrated notes

Levels and vault maps discovered:
D:1:      shiori_shiawase, layout_basic, ebering_ecumenical_altar_abandoned,
          amcnicky_mini_rare_corridor_liquid, minmay_tetromino_l2
D:2:      layout_rooms, minmay_indecisive_spiral
D:3:      layout_basic, tso_metal_star, serial_shops, shop,
          minmay_fractal_squares_5
D:4:      layout_rooms, nicolae_hepliaklqana_monster_ancestors, enter_ossuary_1,
          minmay_fractal_squares_gapless_5
D:5:      layout_basic, overflow_temple_1_default, uniq_crazy_yiuf_cottage,
          uniq_sigmund
D:6:      layout_layer_cave, mainiacjoe_overflow_alcove_4, uniq_blork_the_orc
D:7:      layout_basic, minmay_temple_entry_offerings
D:8:      layout_loops_cross, gammafunk_ghost_cemetery
D:9:      layout_loops_corners, hiddenorc1_lemuel, enter_bailey_5,
          lemuel_flame_loot_1
D:10:     layout_roguey, lemuel_round_altar, gammafunk_temple_overflow_statue,
          hangedman_weighted_door
D:11:     layout_irregular_city, grunt_lair_entry_orc_guard_hut, uniq_harold
D:12:     gammafunk_wand_slinger, layout_basic, uniq_kirke
D:13:     layout_basic, erik_vaults_1
D:14:     gammafunk_corrupted_shrine, layout_irregular_city,
          gauntlet_entry_generic, minmay_staircase_bubble
Temple:   nicolae_temple_superstar
Gauntlet: gammafunk_gauntlet_mixed_choke_point
          [minmay_gauntlet_arena_77_double_cross,
          minmay_gauntlet_arena_77_radiant_squares,
          minmay_gauntlet_arena_77_cramped, gammafunk_gauntlet_arena_teeth,
          minmay_gauntlet_arena_77_fan, minmay_gauntlet_arena_77_two_paths,
          minmay_gauntlet_arena_77_checkered, gauntlet_exit_hidden_loot]

Skill      XL: |  1  2  3  4  5  6  7  8  9 10 11 12 13 |
---------------+----------------------------------------+-----
Dodging        | 2 3 4 5 |  5.1
Earth Magic    | 4 5 6 7 8 10 11 12 | 12.1
Spellcasting   | 3 4 5 6 7 8 10 11 12 13 | 13.3
Stealth        | 2 3 4 5 |  5.4
Conjurations   | 2 4 6 7 9 10 | 10.1
Ice Magic      | 1 2 |  2.5
Hexes          | 1 |  1.9
Fighting       | 1 2 |  2.2
Staves         | 1 |  1.2
Transmutations | 2 3 |  3.0
Air Magic      | 3 5 |  5.5
Shields        | 1 |  1.0
Necromancy     | 2 |  2.1
Long Blades    | |  0.3
Summonings     | |  0.5
Translocations | |  0.1
Fire Magic     | |  0.1

Action                   |  1- 3 |  4- 6 |  7- 9 | 10-12 | 13-15 || total
-------------------------+-------+-------+-------+-------+-------++-------
Melee: Falchion          |    12 |    20 |       |       |       ||    32
       Unarmed           |    10 |       |       |       |       ||    10
       Tailslap          |     3 |     4 |       |     6 |     4 ||    17
       Punch             |       |     2 |       |       |       ||     2
       Dagger            |       |       |    14 |       |       ||    14
       Headbutt          |       |       |     1 |     2 |     2 ||     5
       Staff             |       |       |       |    17 |     8 ||    25
 Cast: Sandblast         |    65 |    92 |    21 |    26 |     2 ||   206
       Stone Arrow       |       |       |    56 |   130 |    12 ||   198
       Ensorcelled Hiber |       |       |     3 |     4 |       ||     7
       Magic Dart        |       |       |       |    49 |       ||    49
       Petrify           |       |       |       |     5 |     4 ||     9
       Conjure Flame     |       |       |       |     1 |       ||     1
       Lightning Bolt    |       |       |       |    37 |    36 ||    73
       Borgnjor's Vile C |       |       |       |       |    11 ||    11
       Blink             |       |       |       |       |     3 ||     3
       Lee's Rapid Decon |       |       |       |       |     3 ||     3
       Call Canine Famil |       |       |       |       |     2 ||     2
 Abil: Breathe Steam     |       |       |    57 |   137 |    36 ||   230
  Use: Scroll            |       |    11 |     8 |     6 |     7 ||    32
       Potion            |       |     5 |     2 |       |     2 ||     9
Armor: Skin              |    22 |    23 |    17 |    58 |    20 ||   140
Dodge: Dodged            |    30 |    30 |    20 |    68 |    14 ||   162
Block: Buckler           |       |       |       |     9 |     8 ||    17
